[Event "December 12 Early 2023"]
[Site "https://www.chess.com"]
[Date "2023.12.12"]
[Round "9"]
[White "Rosenberg, Evan S"]
[Black "Subramanian, Anusha"]
[Result "0-1"]
[Board "133"]
[TimeControl "180+1"]
[WhiteFideId "2019299"]
[BlackFideId "477710"]
[WhiteElo "2380"]
[BlackElo "2071"]
[WhiteTeam "USA"]
[BlackTeam "ENG"]
[WhiteClock "0:00:53"]
[BlackClock "0:00:30"]

1. Nf3 d5 2. d4 Nf6 3. c4 c6 4. cxd5 cxd5 5. Nc3 Nc6 6. Bf4 e6 7. Rc1 Bd6 8. Bg5 h6 9. Bh4 a6 10. e3 O-O 11. Bd3 Be7 12. O-O Bd7 13. Ne5 Rc8 14. f4 b5 15. f5 exf5 16. Nxd7 Nxd7 17. Bxe7 Qxe7 18. Bxf5 Qxe3+ 19. Kh1 Rfd8 20. Nxd5 Qg5 21. g3 g6 22. h4 Qxg3 23. Bxd7 Qxh4+ 24. Kg2 Qg5+ 25. Qg4 Qxd5+ 26. Rf3 Rxd7 27. Rc5 Qxd4 28. Qxd4 Rxd4 29. Rf6 Rc4 0-1

[Event "December 12 Early 2023"]
[Site "https://www.chess.com"]
[Date "2023.12.12"]
[Round "9"]
[White "Klinova, Masha"]
[Black "Zaichenko, Daria"]
[Result "1-0"]
[Board "134"]
[TimeControl "180+1"]
[WhiteFideId "2802015"]
[BlackFideId "4197453"]
[WhiteElo "2509"]
[BlackElo "2236"]
[WhiteTeam "ISR"]
[BlackTeam "RUS"]
[WhiteClock "0:02:20"]
[BlackClock "0:01:36"]

1. e4 c5 2. Nf3 Nc6 3. Bb5 g6 4. Bxc6 dxc6 5. d3 Bg7 6. Nc3 e5 7. Be3 b6 8. Qd2 Ne7 9. O-O O-O 10. Bh6 f5 11. Bxg7 Kxg7 12. exf5 Nxf5 13. Ne4 Qe7 14. Rae1 Nd4 15. Re3 Nxf3+ 16. Rxf3 Rxf3 17. gxf3 Bh3 18. Re1 h6 19. f4 Rf8 20. Qe3 Bg4 21. Ng3 Rxf4 22. Qxf4 1-0

[Event "December 12 Early 2023"]
[Site "https://www.chess.com"]
[Date "2023.12.12"]
[Round "9"]
[White "Sarkar, Justin"]
[Black "Omariev, Maksim"]
[Result "0-1"]
[Board "135"]
[TimeControl "180+1"]
[WhiteFideId "2010011"]
[BlackFideId "4193423"]
[WhiteElo "2301"]
[BlackElo "2485"]
[WhiteTeam "USA"]
[BlackTeam "RUS"]
[WhiteClock "0:00:00"]
[BlackClock "0:00:04"]

1. d4 h5 2. Nf3 h4 3. Bg5 h3 4. gxh3 d5 5. h4 Bg4 6. Bg2 Nf6 7. Nbd2 e6 8. c4 c6 9. Qb3 Qb6 10. c5 Qc7 11. Ne5 Bf5 12. Bf4 Nbd7 13. Ng6 e5 14. Nxe5 Nh5 15. Bg3 Nxg3 16. hxg3 Nxe5 17. dxe5 Bxc5 18. Rc1 Bb6 19. Qc3 O-O-O 20. O-O d4 21. Qc4 Qxe5 22. Qxf7 Be6 0-1

[Event "December 12 Early 2023"]
[Site "https://www.chess.com"]
[Date "2023.12.12"]
[Round "9"]
[White "Latorre, Vincent"]
[Black "Golubenko, Valentina"]
[Result "0-1"]
[Board "137"]
[TimeControl "180+1"]
[WhiteFideId "2636891"]
[BlackFideId "4501993"]
[WhiteElo "2400"]
[BlackElo "2249"]
[WhiteTeam "CAN"]
[BlackTeam "CRO"]
[WhiteClock "0:01:37"]
[BlackClock "0:01:56"]

1. e4 e6 2. d4 d5 3. e5 c5 4. c3 Nc6 5. Nf3 Nge7 6. Be2 cxd4 7. cxd4 Nf5 8. Nc3 Be7 9. O-O a6 10. a3 O-O 11. b4 f6 12. Bd3 fxe5 13. dxe5 Qc7 14. Qe1 Nh4 15. Nxh4 Bxh4 16. f4 Bxe1 0-1

[Event "December 12 Early 2023"]
[Site "https://www.chess.com"]
[Date "2023.12.12"]
[Round "9"]
[White "Petrukhina, Olga"]
[Black "NovakRatko"]
[Result "0-1"]
[Board "138"]
[TimeControl "180+1"]
[WhiteFideId "13703935"]
[WhiteElo "2221"]
[BlackElo "2355"]
[WhiteTeam "KAZ"]
[WhiteClock "0:00:31"]
[BlackClock "0:01:53"]

1. d4 d5 2. c4 c5 3. dxc5 d4 4. Nf3 Nc6 5. e3 e5 6. exd4 exd4 7. Bd3 Bxc5 8. O-O Nge7 9. a3 a5 10. Nbd2 O-O 11. Re1 f6 12. Ne4 b6 13. Ng3 Qd6 14. Nh4 Ne5 15. Be4 Rb8 16. Bf4 Rd8 17. Qh5 g6 18. Nxg6 hxg6 19. Bxg6 N7xg6 20. Bxe5 Nxe5 21. Re4 Qe7 22. Rh4 Qg7 23. Re1 Bg4 24. Rxg4 Qxg4 25. Qh6 Qg6 0-1

[Event "December 12 Early 2023"]
[Site "https://www.chess.com"]
[Date "2023.12.12"]
[Round "9"]
[White "Donatti, Alvaro"]
[Black "Georg, Heinz"]
[Result "0-1"]
[Board "139"]
[TimeControl "180+1"]
[WhiteFideId "3000303"]
[BlackFideId "4607295"]
[WhiteElo "2046"]
[BlackElo "2337"]
[WhiteTeam "URU"]
[BlackTeam "GER"]
[WhiteClock "0:01:50"]
[BlackClock "0:02:19"]

1. e4 e5 2. Nf3 Nc6 3. Bb5 f5 4. Nc3 Nf6 5. d3 d6 6. O-O Be7 7. Bg5 O-O 8. Bxf6 Bxf6 9. Nd5 f4 10. c3 Kh8 11. d4 Bg4 12. h3 Bh5 13. Be2 Bxf3 14. Bxf3 exd4 15. Nxf4 Qe8 16. cxd4 Nxd4 17. Nh5 Be5 18. Rb1 Nxf3+ 0-1

[Event "December 12 Early 2023"]
[Site "https://www.chess.com"]
[Date "2023.12.12"]
[Round "9"]
[White "Gallegos Diaz, Carlos Alberto"]
[Black "Nikulina, Alena"]
[Result "1-0"]
[Board "140"]
[TimeControl "180+1"]
[WhiteFideId "3900886"]
[BlackFideId "4172051"]
[WhiteElo "2334"]
[BlackElo "2060"]
[WhiteTeam "VEN"]
[BlackTeam "RUS"]
[WhiteClock "0:00:07"]
[BlackClock "0:00:02"]

1. e4 c5 2. Nc3 e6 3. f4 Nc6 4. Nf3 d5 5. Bb5 d4 6. Bxc6+ bxc6 7. Ne2 Nf6 8. d3 Be7 9. O-O O-O 10. b3 a5 11. a4 Nd7 12. Ba3 f6 13. Qe1 e5 14. f5 g6 15. g4 Rf7 16. Kh1 Qf8 17. Bc1 Nb8 18. Qh4 Na6 19. Bh6 Qe8 20. fxg6 hxg6 21. g5 Nb4 22. Rac1 fxg5 23. Nxg5 Bxg5 24. Qxg5 Kh7 25. Qh4 Kg8 26. Ng3 Be6 27. Bg5 Rh7 28. Bh6 Qd7 29. Rf6 Bf7 30. Qg5 Re8 31. Rcf1 Nxc2 32. Nh5 Kh8 33. Bg7+ Rxg7 34. Nxg7 Kxg7 35. Rxf7+ Qxf7 36. Rxf7+ Kxf7 37. Qg1 Ne3 38. Qc1 Kg7 39. Qxc5 Rf8 40. Qxe5+ Kh7 41. h4 Rf1+ 42. Kh2 Rf2+ 43. Kg3 Rg2+ 44. Kh3 Rf2 45. Qxd4 Rf3+ 46. Kh2 Rf2+ 47. Kg3 Rg2+ 48. Kf3 Rg3+ 49. Kxg3 Nf5+ 50. exf5 gxf5 51. Qf6 1-0

[Event "December 12 Early 2023"]
[Site "https://www.chess.com"]
[Date "2023.12.12"]
[Round "9"]
[White "Marcziter, Dmitrii"]
[Black "Reinecke, Katharina"]
[Result "1-0"]
[Board "141"]
[TimeControl "180+1"]
[WhiteFideId "13900765"]
[BlackFideId "12929727"]
[WhiteElo "2304"]
[BlackElo "2024"]
[WhiteTeam "GER"]
[BlackTeam "GER"]
[WhiteClock "0:00:45"]
[BlackClock "0:00:02"]

1. d4 d5 2. c4 c6 3. Nf3 Nf6 4. Nc3 e6 5. e3 Bd6 6. Qc2 O-O 7. g4 Nbd7 8. g5 Ne8 9. h4 dxc4 10. Bxc4 e5 11. h5 exd4 12. Nxd4 Ne5 13. Be2 Qxg5 14. Bd2 Nf6 15. O-O-O Qg2 16. f4 Neg4 17. Bf3 Qf2 18. Rdf1 Nxe3 19. Rxf2 Nxc2 20. Kxc2 Be6 21. Nxe6 fxe6 22. Re2 Rae8 23. Rhe1 Nd5 24. Nxd5 cxd5 25. Rxe6 Rc8+ 26. Kb1 Bxf4 27. Bxf4 Rxf4 28. Bxd5 Kf8 29. Re7 Rd4 30. Bb3 g6 31. Rf7+ Kg8 32. Rc7+ Kh8 33. Rxc8+ 1-0

[Event "December 12 Early 2023"]
[Site "https://www.chess.com"]
[Date "2023.12.12"]
[Round "9"]
[White "Shapiro, Daniel"]
[Black "Skiadopoulos, Nikolaos"]
[Result "1-0"]
[Board "142"]
[TimeControl "180+1"]
[WhiteFideId "2001780"]
[BlackFideId "4200772"]
[WhiteElo "2302"]
[BlackElo "1746"]
[WhiteTeam "USA"]
[BlackTeam "GRE"]
[WhiteClock "0:00:23"]
[BlackClock "0:00:01"]

1. d4 Nf6 2. c4 c5 3. d5 b5 4. cxb5 a6 5. e3 e6 6. dxe6 fxe6 7. Nc3 Be7 8. Nf3 O-O 9. Bd3 axb5 10. Bxb5 d5 11. O-O Ba6 12. a4 Bxb5 13. Nxb5 Nc6 14. b3 e5 15. Bb2 d4 16. exd4 exd4 17. Ng5 Qd5 18. Bc1 Ne8 19. Nh3 Bf6 20. Re1 d3 21. Rb1 Nd4 22. Qxd3 Be5 23. Qc4 Rd8 24. Rxe5 Qxc4 25. bxc4 Ne2+ 26. Kf1 Nf4 27. Bxf4 1-0

[Event "December 12 Early 2023"]
[Site "https://www.chess.com"]
[Date "2023.12.12"]
[Round "9"]
[White "Lohani, Sujana"]
[Black "Petrova, Irina"]
[Result "0-1"]
[Board "143"]
[TimeControl "180+1"]
[WhiteFideId "12311987"]
[BlackFideId "14124122"]
[WhiteElo "2016"]
[BlackElo "2298"]
[WhiteTeam "NEP"]
[BlackTeam "UKR"]
[WhiteClock "0:00:03"]
[BlackClock "0:01:42"]

1. d4 d6 2. e4 Nf6 3. Nc3 e6 4. Nf3 e5 5. Bg5 Nbd7 6. Bc4 Be7 7. O-O O-O 8. h3 c6 9. a4 h6 10. Be3 Re8 11. Qd2 Qc7 12. Rfd1 Bf8 13. d5 Nc5 14. Bxc5 dxc5 15. d6 Qb6 16. a5 Qd8 17. a6 b5 18. Bf1 b4 19. Na4 Nxe4 20. Qe3 Nxd6 21. Nxc5 Qf6 22. Rd2 Nf5 23. Qe4 Bxc5 24. Re1 Ng3 25. Qxc6 Qxc6 0-1

[Event "December 12 Early 2023"]
[Site "https://www.chess.com"]
[Date "2023.12.12"]
[Round "9"]
[White "Herman, Daniel"]
[Black "Franchini, Gabriele"]
[Result "1-0"]
[Board "145"]
[TimeControl "180+1"]
[WhiteFideId "30935008"]
[BlackFideId "806790"]
[WhiteElo "2433"]
[BlackElo "2249"]
[WhiteTeam "USA"]
[BlackTeam "ITA"]
[WhiteClock "0:00:23"]
[BlackClock "0:00:00"]

1. c4 e6 2. d4 d5 3. Nc3 Nf6 4. Bf4 c6 5. e3 Be7 6. Nf3 Nbd7 7. Bd3 O-O 8. O-O dxc4 9. Bxc4 b5 10. Bb3 Bb7 11. a4 b4 12. Ne2 c5 13. Ng3 a5 14. Bc4 Rc8 15. Rc1 Qb6 16. Bg5 cxd4 17. Nxd4 Nc5 18. Nh5 Nce4 19. Nxf6+ Bxf6 20. Bxf6 Nxf6 21. Qe2 Rfd8 22. b3 Ne4 23. Rfe1 Nc3 24. Qg4 Bd5 25. Bd3 f5 26. Qg5 Qd6 27. Bc2 Qe5 28. f4 Qf6 29. Qxf6 gxf6 30. Kf2 Kf7 31. h3 Rg8 32. Rg1 Rg7 33. g4 fxg4 34. Rxg4 Rxg4 35. hxg4 Kg7 36. Rh1 h6 37. Rh5 Re8 38. Bd3 e5 39. Nf5+ Kg8 40. Nxh6+ Kf8 41. Nf5 exf4 42. exf4 Bxb3 43. Rh8+ Kf7 44. Nd6+ Kg7 45. Rxe8 Bxa4 46. Ra8 b3 47. Rxa5 b2 48. Ra7+ Kf8 49. Rb7 Bc2 50. Bxc2 1-0

[Event "December 12 Early 2023"]
[Site "https://www.chess.com"]
[Date "2023.12.12"]
[Round "9"]
[White "Kleibel, Uwe"]
[Black "Guzman Lozano, Campo Elias"]
[Result "1-0"]
[Board "146"]
[TimeControl "180+1"]
[WhiteFideId "1270982"]
[BlackFideId "4403746"]
[WhiteElo "2311"]
[BlackElo "2185"]
[WhiteTeam "GER"]
[BlackTeam "COL"]
[WhiteClock "0:00:25"]
[BlackClock "0:00:05"]

1. e4 c5 2. Nf3 Nc6 3. Bb5 e5 4. Bxc6 dxc6 5. d3 Bd6 6. Nbd2 Be6 7. b3 Ne7 8. h4 f6 9. h5 Qd7 10. a4 O-O-O 11. a5 g6 12. h6 Kb8 13. Nc4 Bc7 14. Bb2 Nc8 15. Qd2 Nd6 16. Nxd6 Qxd6 17. Qc3 Bg4 18. Nd2 Qd4 19. Nc4 Qxc3+ 20. Bxc3 Be6 21. Ke2 Rde8 22. Bb2 Re7 23. f3 Rhe8 24. Ne3 f5 25. g4 fxg4 26. fxg4 Rf7 27. Rhf1 Ref8 28. Rxf7 Rxf7 29. Rf1 Rxf1 30. Kxf1 Kc8 31. Kg2 Kd7 32. Kg3 Ke7 33. g5 Kd6 34. Bc3 Bd8 35. Kh4 Bf7 36. Ng4 c4 37. bxc4 Kc5 38. Nxe5 Be6 39. Nxg6 b5 40. axb6 axb6 41. Ne5 b5 42. cxb5 cxb5 43. Nf3 b4 44. Bd4+ Kd6 45. Kg3 b3 46. cxb3 Bxb3 47. Kf4 Bf7 48. Be5+ Ke6 49. d4 Bg6 50. d5+ Kf7 51. Nd4 Ba5 52. Nf5 Bd2+ 53. Kg4 Bc1 54. Bf4 Ba3 55. d6 Ke6 56. Ng7+ Kd7 57. e5 Bb2 58. e6+ Kd8 59. e7+ Kd7 60. Kf3 Bxg7 61. hxg7 Bf7 62. Ke4 Bg8 63. Ke5 Bf7 64. Kf6 Bg8 65. Be3 Bc4 66. Bc5 Bg8 67. Ke5 Bc4 68. Kf4 Bg8 69. Kg4 Bf7 70. Kh4 Kc6 71. Ba3 Kd7 72. Kg4 Kc6 73. e8=Q+ 1-0

[Event "December 12 Early 2023"]
[Site "https://www.chess.com"]
[Date "2023.12.12"]
[Round "9"]
[White "Tilahun , Abel Mathewos"]
[Black "Skurikhin, Dmitrij"]
[Result "1-0"]
[Board "147"]
[TimeControl "180+1"]
[WhiteFideId "15702391"]
[BlackFideId "4161297"]
[WhiteElo "2074"]
[BlackElo "2290"]
[WhiteTeam "ETH"]
[BlackTeam "RUS"]
[WhiteClock "0:01:10"]
[BlackClock "0:02:00"]

1. d4 b6 2. c4 Bb7 3. Nc3 g6 4. Nf3 Bg7 5. g3 e6 6. Bg2 Ne7 7. O-O d6 8. d5 e5 9. Be3 Nd7 10. Qd2 Bh6 11. Bxh6 Nf5 12. e4 Nxh6 13. Qxh6 Qe7 14. Nb5 O-O-O 15. Nxa7+ Kb8 16. Nc6+ Bxc6 17. dxc6 Nc5 18. Qe3 f5 19. Nd2 Rdf8 20. b4 Na6 21. Qa3 Nxb4 22. Qxb4 f4 23. a4 d5 24. Qxe7 Rf7 25. Qxf7 f3 26. Bxf3 h5 27. a5 b5 28. Rab1 Ka7 29. Qxc7+ Ka6 30. Qb6# 1-0

[Event "December 12 Early 2023"]
[Site "https://www.chess.com"]
[Date "2023.12.12"]
[Round "9"]
[White "Schut, Han"]
[Black "Santos, Isaque Goncalves"]
[Result "1-0"]
[Board "148"]
[TimeControl "180+1"]
[WhiteFideId "1005561"]
[BlackFideId "2103885"]
[WhiteElo "2270"]
[BlackElo "1836"]
[WhiteTeam "NED"]
[BlackTeam "BRA"]
[WhiteClock "0:02:08"]
[BlackClock "0:01:25"]

1. e4 e6 2. d4 d5 3. e5 c5 4. c3 Nc6 5. Nf3 Qb6 6. Bd3 Bd7 7. dxc5 Bxc5 8. O-O a5 9. h4 Nge7 10. h5 h6 11. Nbd2 Qc7 12. Re1 Nf5 13. Nb3 Ba7 14. Bxf5 exf5 15. Qxd5 Be6 16. Qd6 Qxd6 17. exd6 O-O-O 18. Bf4 g5 19. hxg6 fxg6 20. Rxe6 1-0

[Event "December 12 Early 2023"]
[Site "https://www.chess.com"]
[Date "2023.12.12"]
[Round "9"]
[White "Yushko, Olga"]
[Black "MasterofMasters2006"]
[Result "0-1"]
[Board "149"]
[TimeControl "180+1"]
[WhiteFideId "14114500"]
[WhiteElo "2100"]
[BlackElo "2052"]
[WhiteTeam "UKR"]
[WhiteClock "0:00:50"]
[BlackClock "0:00:23"]

1. d4 d5 2. c4 e6 3. cxd5 exd5 4. Nc3 c6 5. Nf3 Nf6 6. Bg5 Be7 7. e3 Bf5 8. Bd3 Bxd3 9. Qxd3 h6 10. Bh4 Nbd7 11. O-O O-O 12. Rab1 Nb6 13. b4 Nc4 14. b5 Nd7 15. Bg3 Ndb6 16. a4 Bd6 17. bxc6 bxc6 18. e4 Bxg3 19. hxg3 dxe4 20. Nxe4 a5 21. Rfc1 Qd5 22. Nc5 Rad8 23. Nb7 Rd7 24. Nc5 Qxc5 25. Rxb6 Qxb6 26. Qxc4 Rfd8 27. Ne5 Rd5 28. Nxc6 Rxd4 29. Nxd4 Qxd4 30. Qb5 Qd2 31. Rb1 Rc8 32. Rf1 g6 33. Kh2 Rd8 34. Qb6 Rd5 35. g4 Qf4+ 36. g3 Qxg4 37. Qb8+ Kg7 38. Qb2+ Qd4 39. Qxd4+ Rxd4 40. Ra1 Kf6 41. Kg2 Ke5 42. Kf3 Kd5 43. Ke3 Re4+ 44. Kd3 Rb4 45. Ra2 Rb3+ 46. Ke2 Kc4 47. Rc2+ Kb4 48. Rc7 Rb2+ 49. Ke3 Kxa4 50. Rxf7 Rb6 51. Kd3 Kb3 52. Rh7 g5 53. Rf7 a4 54. Ke4 a3 55. Rf3+ Kb2 0-1

[Event "December 12 Early 2023"]
[Site "https://www.chess.com"]
[Date "2023.12.12"]
[Round "10"]
[White "Le, Tuan Minh"]
[Black "Martinez Alcantara, Jose Eduardo"]
[Result "1/2-1/2"]
[Board "1"]
[TimeControl "180+1"]
[WhiteFideId "12401153"]
[BlackFideId "3805662"]
[WhiteElo "3084"]
[BlackElo "3048"]
[WhiteTeam "VIE"]
[BlackTeam "PER"]
[WhiteClock "0:00:13"]
[BlackClock "0:00:09"]

1. d4 Nf6 2. c4 e6 3. Nc3 Bb4 4. e3 O-O 5. Bd2 d6 6. a3 Bxc3 7. Bxc3 Ne4 8. Qc2 Nxc3 9. Qxc3 Nd7 10. Nf3 b6 11. Be2 Bb7 12. O-O Qe7 13. b4 c5 14. Rfd1 Rfd8 15. h3 Rac8 16. Rac1 Nf6 17. Qb2 h6 18. a4 Ne4 19. Bf1 Bc6 20. b5 Ba8 21. a5 cxd4 22. Nxd4 Nc5 23. Ra1 Qf6 24. axb6 axb6 25. Ra2 d5 26. cxd5 Bxd5 27. Raa1 e5 28. Nc2 Be4 29. Nb4 Qg5 30. Rxd8+ Rxd8 31. Nc6 Re8 32. Rd1 Qf6 33. Nb4 Qe6 34. Na6 Rc8 35. Rc1 Nd3 36. Rxc8+ Qxc8 37. Bxd3 Bxd3 38. Qxe5 Qc1+ 39. Kh2 Qf1 40. f3 Qf2 41. Nc7 Bf1 42. Qg3 Qxe3 43. Nd5 Qe6 44. Nf4 Qd6 45. h4 Bxb5 46. Qg4 Bd7 47. Qg3 b5 48. Ne2 Qxg3+ 49. Kxg3 b4 50. Nd4 Kf8 51. Kf4 Ke7 52. Ke5 f6+ 53. Kd5 g5 54. hxg5 fxg5 55. Kc5 Kf6 56. Kxb4 Ke5 57. Ne2 h5 58. Kc3 h4 59. Kd2 g4 60. fxg4 Bxg4 61. Ke3 Bxe2 62. Kxe2 Kf4 63. Kf2 Kg4 64. Kg1 Kg3 65. Kh1 h3 66. gxh3 Kxh3 1/2-1/2

[Event "December 12 Early 2023"]
[Site "https://www.chess.com"]
[Date "2023.12.12"]
[Round "10"]
[White "Aronian, Levon"]
[Black "Fedoseev, Vladimir"]
[Result "0-1"]
[Board "2"]
[TimeControl "180+1"]
[WhiteFideId "13300474"]
[BlackFideId "24130737"]
[WhiteElo "3124"]
[BlackElo "3057"]
[WhiteTeam "USA"]
[BlackTeam "SLO"]
[WhiteClock "0:00:00"]
[BlackClock "0:00:23"]

1. e4 e5 2. Bc4 Nf6 3. d3 Bc5 4. Nf3 d6 5. O-O h6 6. c3 O-O 7. d4 Bb6 8. a4 a5 9. dxe5 Nxe4 10. Bd5 Nxf2 11. Rxf2 dxe5 12. Bb3 Be6 13. Nbd2 Bxb3 14. Qxb3 Nd7 15. Ne4 Nc5 16. Nxc5 Bxc5 17. Kf1 Bxf2 18. Kxf2 e4 19. Nd4 Qh4+ 20. Kf1 Ra6 21. Be3 Qxh2 22. Re1 Rf6+ 23. Ke2 Qxg2+ 24. Kd1 Rf1 25. Qd5 c6 26. Qd6 f5 27. Ne6 Rf6 28. Bd4 Qf3+ 29. Kd2 Qd3+ 0-1

[Event "December 12 Early 2023"]
[Site "https://www.chess.com"]
[Date "2023.12.12"]
[Round "10"]
[White "Xiong, Jeffery"]
[Black "Andreikin, Dmitry"]
[Result "1/2-1/2"]
[Board "3"]
[TimeControl "180+1"]
[WhiteFideId "2047640"]
[BlackFideId "4158814"]
[WhiteElo "3049"]
[BlackElo "3100"]
[WhiteTeam "USA"]
[BlackTeam "FID"]
[WhiteClock "0:00:17"]
[BlackClock "0:00:04"]

1. Nf3 b5 2. e4 Bb7 3. Bxb5 Bxe4 4. O-O c6 5. Ba4 Qa5 6. Nc3 Bxf3 7. Qxf3 Nf6 8. Bb3 e6 9. Ne2 d5 10. d3 Nbd7 11. Rd1 Bd6 12. Bd2 Qc7 13. h3 a5 14. c3 a4 15. Bc2 O-O 16. d4 Rfb8 17. b4 axb3 18. axb3 c5 19. Rxa8 Rxa8 20. c4 Rb8 21. cxd5 Nxd5 22. Be4 N7f6 23. Bxd5 Nxd5 24. dxc5 Qxc5 25. Rc1 Qb6 26. Nf4 Bxf4 27. Bxf4 Nxf4 28. Qxf4 Qxb3 29. Rc7 Rf8 30. h4 h6 31. Kh2 Qb8 32. g3 Qb6 33. Rd7 Qb5 34. Ra7 Qh5 35. Rb7 Rd8 36. Kh3 Rd1 37. Qe4 Rd8 38. Qf4 Qg6 39. Qf3 Rf8 40. h5 Qf6 41. Qxf6 gxf6 42. g4 Rd8 43. Rb5 Rd3+ 44. Kg2 Kf8 45. f3 Rd5 46. Rb8+ Kg7 47. Kg3 f5 48. Re8 fxg4 49. fxg4 Rd3+ 50. Kf4 Rd4+ 51. Kf3 Rd1 52. Kf4 Rf1+ 53. Kg3 Kf6 54. Rh8 Kg7 55. Re8 Ra1 56. Kf4 Ra4+ 57. Kf3 Ra5 58. Kf4 Rg5 59. Kf3 Rc5 60. Kf4 Rc4+ 61. Kf3 Kf6 62. Rg8 e5 63. Ke3 Rf4 64. Ke2 Ke6 65. Ke3 f6 66. Rg6 Kf7 67. Ke2 Ke7 68. Ke3 Ke6 69. Ke2 e4 70. Rg8 Ke5 71. Re8+ Kd4 72. Rd8+ Kc5 73. Rg8 Kd4 74. Re8 Kc5 75. Rg8 Rf3 76. Rg6 Kd4 77. Rxh6 Rg3 78. Rxf6 Rxg4 79. h6 Rh4 80. Rd6+ Ke5 81. Ra6 Rh3 82. Rb6 Kf4 83. Rf6+ Kg5 84. Ra6 Kf5 85. Rb6 Kf4 86. Rf6+ Ke5 87. Ra6 Kd4 88. Rd6+ Ke5 89. Ra6 Rh2+ 90. Ke3 Rh3+ 91. Ke2 1/2-1/2

[Event "December 12 Early 2023"]
[Site "https://www.chess.com"]
[Date "2023.12.12"]
[Round "10"]
[White "Duda, Jan-Krzysztof"]
[Black "Paravyan, David"]
[Result "1-0"]
[Board "4"]
[TimeControl "180+1"]
[WhiteFideId "1170546"]
[BlackFideId "4194985"]
[WhiteElo "3060"]
[BlackElo "3029"]
[WhiteTeam "POL"]
[BlackTeam "FID"]
[WhiteClock "0:00:11"]
[BlackClock "0:00:00"]

1. c4 Nf6 2. Nc3 c5 3. e3 g6 4. d4 cxd4 5. exd4 Bg7 6. Nf3 O-O 7. h3 d5 8. Be3 Nc6 9. Rc1 Bf5 10. c5 Ne4 11. Be2 Nxc3 12. Rxc3 Be4 13. O-O e6 14. Qd2 Bxf3 15. Bxf3 e5 16. Rb3 exd4 17. Bg5 Qd7 18. Bf4 Rfe8 19. Bd6 Be5 20. Bg4 f5 21. Bf3 Bxd6 22. Bxd5+ Kh8 23. Bxc6 Qxc6 24. cxd6 Qxd6 25. Rxb7 Rad8 26. Rxa7 d3 27. Qc3+ Qd4 28. Qc7 Qxa7 29. Qxa7 d2 30. Qa4 Re1 31. Qd1 Re4 32. b4 Rxb4 33. Qa1+ Kg8 34. Rd1 Rbd4 35. a4 Re4 36. Qa2+ Kg7 37. Rxd2 1-0

[Event "December 12 Early 2023"]
[Site "https://www.chess.com"]
[Date "2023.12.12"]
[Round "10"]
[White "Sarana, Alexey"]
[Black "Nepomniachtchi, Ian"]
[Result "1-0"]
[Board "5"]
[TimeControl "180+1"]
[WhiteFideId "24133795"]
[BlackFideId "4168119"]
[WhiteElo "3038"]
[BlackElo "3104"]
[WhiteTeam "SRB"]
[BlackTeam "RUS"]
[WhiteClock "0:01:32"]
[BlackClock "0:00:06"]

1. d4 f5 2. c4 Nf6 3. Nc3 d6 4. Bg5 Nbd7 5. e3 g6 6. Bd3 Bg7 7. f3 O-O 8. Nge2 e5 9. O-O c6 10. Qd2 Qe8 11. Kh1 h6 12. Bh4 g5 13. Bf2 e4 14. fxe4 fxe4 15. Bc2 d5 16. cxd5 cxd5 17. Bb3 Nb6 18. Bg3 Be6 19. Bd6 Rf7 20. Ng3 Ng4 21. h3 Rd8 22. Rxf7 Qxf7 23. Rf1 Qe8 24. Bc7 Rd7 25. Bxb6 Qb8 26. Qe1 Nf6 27. Bc5 b6 28. Ba3 Qe8 29. Ba4 g4 30. Bxd7 Bxd7 31. h4 Qd8 32. Nf5 Nh5 33. Be7 Qe8 34. Nxd5 Be6 35. Nxg7 Kxg7 36. Bf6+ Kh7 37. Nc7 Qd7 38. Nxe6 Qxe6 39. Be5 1-0

[Event "December 12 Early 2023"]
[Site "https://www.chess.com"]
[Date "2023.12.12"]
[Round "10"]
[White "Galchenko, Matvey"]
[Black "Pranav, V"]
[Result "0-1"]
[Board "6"]
[TimeControl "180+1"]
[WhiteFideId "24175480"]
[BlackFideId "25060783"]
[WhiteElo "2892"]
[BlackElo "3058"]
[WhiteTeam "FID"]
[BlackTeam "IND"]
[WhiteClock "0:00:00"]
[BlackClock "0:00:05"]

1. e4 e5 2. Nf3 Nc6 3. d4 exd4 4. c3 Nf6 5. e5 Ne4 6. cxd4 Bb4+ 7. Nbd2 O-O 8. Bd3 Nxd2 9. Bxd2 Bxd2+ 10. Qxd2 d6 11. h3 dxe5 12. dxe5 Be6 13. Be4 f5 14. exf6 Qxf6 15. O-O Rae8 16. Rfe1 h6 17. a3 Bf7 18. Qc2 Kh8 19. Bxc6 bxc6 20. Rxe8 Rxe8 21. Re1 Rd8 22. Ne5 Be8 23. Re3 Rd5 24. Ng4 Qd8 25. Ne5 Qf6 26. Ng4 Qd8 27. Ne5 Rd6 28. Qf5 Rf6 29. Qc2 Rf8 30. Re1 Qd4 31. Nf3 Qf4 32. Qc5 Bd7 33. Ne5 Be8 34. Nd3 Qf6 35. Re6 Qxe6 36. Qxf8+ Kh7 37. Qf3 c5 38. Qg3 c4 39. Ne5 g5 40. Qc3 Bf7 41. Qc2+ Kg8 42. Qc3 Kf8 43. Qd4 Qd6 44. Qe3 Qe6 45. Qd4 Qd6 46. Qc3 Qd1+ 47. Kh2 Qd6 48. g3 Qe6 49. Nf3 a6 50. Qh8+ Ke7 51. Qd4 Qf6 52. Qe3+ Kd6 53. Nd4 Bd5 54. a4 Qe5 55. Qd2 c5 56. Nc2 Qe4 57. f3 Qxf3 58. g4 Qh1+ 59. Kg3 Qg1+ 0-1

[Event "December 12 Early 2023"]
[Site "https://www.chess.com"]
[Date "2023.12.12"]
[Round "10"]
[White "Demchenko, Anton"]
[Black "Vokhidov, Shamsiddin"]
[Result "0-1"]
[Board "7"]
[TimeControl "180+1"]
[WhiteFideId "4160258"]
[BlackFideId "14204223"]
[WhiteElo "2890"]
[BlackElo "3013"]
[WhiteTeam "SLO"]
[BlackTeam "UZB"]
[WhiteClock "0:00:03"]
[BlackClock "0:00:20"]

1. e4 c5 2. Nc3 Nc6 3. Bb5 Nd4 4. a4 a6 5. Bc4 e6 6. d3 Nf6 7. Nge2 d5 8. Ba2 Nxe2 9. Qxe2 Be7 10. O-O d4 11. Nb1 b5 12. Bg5 Bb7 13. Nd2 h6 14. Bxf6 Bxf6 15. f4 O-O 16. f5 e5 17. Bb3 Bc6 18. Ra2 Bg5 19. Nf3 Be3+ 20. Kh1 c4 21. dxc4 bxc4 22. Bxc4 Bxe4 23. Nxe5 Qc7 24. Ng4 Rac8 25. Nxe3 dxe3 26. b3 Rfe8 27. Bxa6 Rcd8 28. Bd3 Bxd3 29. cxd3 Qc3 30. a5 Qxb3 31. a6 Rxd3 32. a7 Rdd8 33. Rfa1 Ra8 34. Ra3 Qb6 35. h3 Re7 36. Ra6 Qd4 37. f6 Rexa7 38. Rxa7 Rxa7 39. Rd1 Ra1 40. Rxa1 Qxa1+ 41. Kh2 Qe5+ 42. g3 gxf6 43. Kg2 Qe4+ 44. Kg1 f5 45. h4 Kh7 46. Qe1 Qf3 47. Kh2 f4 48. Qb1+ Kg7 49. Qa1+ f6 50. Qa7+ Kg6 51. gxf4 e2 52. Qg1+ Kh5 53. Qc5+ Kxh4 54. Qg1 Qh3# 0-1

[Event "December 12 Early 2023"]
[Site "https://www.chess.com"]
[Date "2023.12.12"]
[Round "10"]
[White "Klymchuk, Andriy"]
[Black "Drygalov, Sergey"]
[Result "0-1"]
[Board "8"]
[TimeControl "180+1"]
[WhiteFideId "14140063"]
[BlackFideId "24171743"]
[WhiteElo "2853"]
[BlackElo "3005"]
[WhiteTeam "UKR"]
[BlackTeam "RUS"]
[WhiteClock "0:00:35"]
[BlackClock "0:00:22"]

1. e4 c5 2. Nf3 e6 3. d4 cxd4 4. Nxd4 a6 5. Bd3 Bc5 6. Nb3 Ba7 7. c4 Nc6 8. Qe2 d6 9. Be3 Nge7 10. O-O O-O 11. Nc3 Ng6 12. Bxa7 Rxa7 13. Qe3 e5 14. Nd5 Be6 15. Rfd1 a5 16. a4 Ra8 17. Bf1 Bxd5 18. cxd5 Nb4 19. Rac1 f5 20. exf5 Rxf5 21. g3 Rf8 22. Bh3 Ne7 23. Be6+ Kh8 24. Rc4 Nf5 25. Qe4 Ne7 26. Nxa5 Qxa5 27. Rxb4 Qc5 28. Rf1 b6 29. Rc4 Qa5 30. b3 b5 31. Rb4 bxa4 32. Rxa4 Qc5 33. Rxa8 Rxa8 34. b4 Qb6 35. Rc1 Rb8 36. Rc4 Rf8 37. Rc2 Qb5 38. Kg2 Qb6 39. h4 Ng8 40. Bxg8 Kxg8 41. f3 Rb8 42. Qg4 Qa6 43. Qd7 Rf8 44. b5 Qa4 45. Qe6+ Kh8 46. Qxd6 Qxc2+ 0-1